[Event "*** Titled Tuesday Blitz"]
[Site "Chess.com"]
[Date "2021.03.09"]
[Round "3"]
[White "atbenina64"]
[Black "Barbus89"]
[Result "1-0"]
[WhiteElo "2499"]
[BlackElo "2274"]
[TimeControl "180+1"]
[EndTime "10:28:10 PST"]
[Termination "atbenina64 won on time"]

1. Nf3 Nf6 2. c4 c5 3. Nc3 d5 4. cxd5 Nxd5 5. e3 g6 6. Bc4 Nc7 7. d4 Bg7 8. h3 O-O 9. O-O cxd4 10.
exd4 Nc6 11. Be3 a6 12. Rc1 e5 13. Bg5 Qe8 14. d5 Nd4 15. Re1 Qd7 16. Nxe5 Qf5 17. Be3 Qxe5 18. f4 Qf6 19. Ne4 Qb6 20.
Qd2 Re8 21. Ng3 Bd7 22. Kh2 Bb5 23. b3 Bxc4 24. bxc4 Rxe3 25. Rxe3 Re8 26. Rce1 Rxe3 27. Qxe3 h5 28. Qe7 h4 29. Ne2 Nxe2 30. Rxe2 1-0

[Event "*** Titled Tuesday Blitz"]
[Site "Chess.com"]
[Date "2021.03.09"]
[Round "3"]
[White "sergiochess83"]
[Black "TST2014"]
[Result "1-0"]
[WhiteElo "2908"]
[BlackElo "2628"]
[TimeControl "180+1"]
[EndTime "10:28:12 PST"]
[Termination "sergiochess83 won by resignation"]

1. e4 c5 2. Nf3 d6 3. d4 cxd4 4. Nxd4 Nf6 5. Nc3 Nc6 6. h3 e5 7. Nf3 Be6 8. Ng5 Bd7 9. Bc4 Be6 10. Nxe6 fxe6 11. Bxe6 Nd4 12. Bb3 Be7 13. Be3 Nxb3 14. axb3 a6 15. Nd5 O-O 16. Nxf6+ Rxf6 17. Qd5+ Kh8 18.
Qxb7 Rg6 19. O-O a5 20. Qd5 Rc8 21. Rxa5 Qd7 22. Kh2 Re8 23. Ra8 Bd8 24. Rfa1 Qe7 25.
R1a7 Qf6 26. Qf7 Qxf7 27. Rxf7 Rge6 28. b4 Kg8 29. Rd7 Bf6 30. Rxe8+ Rxe8 31. Rxd6 Kf7 32. b5 Rc8 33. Rc6 Rb8 34. b6 Ke7 35. c4 Kd7 36.
Rc7+ Ke6 37. c5 Bd8 38. Rxg7 Be7 39. b4 h5 40. c6 Kf6 41. Rxe7 Kxe7 42. c7 Rg8 43. b7 Kd7 44. b8=Q Rc8 45. Qb5+ Kxc7 46. Qxe5+ Kc6 47. Qxh5 Rb8 48. Qd5+ Kc7 49. Bf4+ Kc8 50. Qc6+ 1-0

[Event "*** Titled Tuesday Blitz"]
[Site "Chess.com"]
[Date "2021.03.09"]
[Round "3"]
[White "Synctel"]
[Black "BJthechessgod"]
[Result "0-1"]
[WhiteElo "2004"]
[BlackElo "2290"]
[TimeControl "180+1"]
[EndTime "10:28:12 PST"]
[Termination "BJthechessgod won on time"]

1. e4 c5 2. Ne2 Nc6 3. Nbc3 g6 4. g3 Bg7 5. Bg2 d6 6. d3 Nf6 7. h3 O-O 8. Be3 Be6 9. Qd2 Rb8 10. Bh6 b5 11.
Bxg7 Kxg7 12. Nf4 Bd7 13. a3 Nd4 14. O-O Qc8 15. Kh2 h6 16. Nce2 g5 17. Nxd4 gxf4 18. Ne2 f3 19. Bxf3 Bxh3 20. Nf4 Bxf1 21. Rxf1 Rh8 22.
Kg2 e5 23. Nh5+ Nxh5 24. Bxh5 Qe6 25. f4 Rbg8 26. f5 Qf6 27. g4 Kf8 28. Qa5 Qe7 29. Qxb5 f6 30. Qc4 Kg7 31. b4 cxb4 32. axb4 Rc8 33. Qb3 Rc7 34. c4 Rb7 35. Qa4 Qd7 36.
b5 Qc7 37. Rf2 Qc5 0-1

[Event "*** Titled Tuesday Blitz"]
[Site "Chess.com"]
[Date "2021.03.09"]
[Round "3"]
[White "frederiksvane"]
[Black "FairChess_on_YouTube"]
[Result "0-1"]
[WhiteElo "2648"]
[BlackElo "2967"]
[TimeControl "180+1"]
[EndTime "10:28:14 PST"]
[Termination "FairChess_on_YouTube won by resignation"]

1. e4 c5 2. Nf3 e6 3. d4 cxd4 4. Nxd4 a6 5. Nc3 b5 6. Bd3 Qb6 7.
Nf3 Bb7 8. O-O Qc7 9. e5 f5 10. exf6 Nxf6 11. Re1 Bc5 12. Ne4 Bxe4 13. Bxe4 Nc6 14.
Bxc6 Qxc6 15. Be3 Bxe3 16. Rxe3 O-O 17. c3 Nd5 18. Re1 Nf4 19. Re3 Rf5 20. Qf1 Qb7 21.
Nd4 Rf6 22. Rae1 Raf8 23. Rf3 Qd5 24. Rfe3 Qxa2 25. g3 Nd5 26. R3e2 Qc4 27. Qg2 b4 28. h4 bxc3 29. bxc3 Qxc3 30. Nc2 Nf4 0-1

[Event "*** Titled Tuesday Blitz"]
[Site "Chess.com"]
[Date "2021.03.09"]
[Round "3"]
[White "Bodnar_Mykola"]
[Black "LubovMarkelova"]
[Result "1-0"]
[WhiteElo "2502"]
[BlackElo "2237"]
[TimeControl "180+1"]
[EndTime "10:28:15 PST"]
[Termination "Bodnar_Mykola won on time"]

1. d4 d5 2. c4 c6 3. Nf3 Nf6 4. Nc3 e6 5. Qd3 Nbd7 6. g3 Bd6 7. Bg2 O-O 8. O-O dxc4 9. Qxc4 e5 10. Rd1 Qe7 11.
Bg5 Nb6 12. Qb3 Be6 13. Qc2 exd4 14. Nxd4 Be5 15. Nf5 Bxf5 16. Qxf5 Bxc3 17. bxc3 Rfd8 18. Rd4 Rxd4 19. cxd4 Nbd7 20. Bf3 h6 21. Bd2 Re8 22. Rb1 Nb6 23. a4 Qe6 24. Qxe6 Rxe6 25. a5 Nc4 26. Bc3 Re7 27. e3 Nd5 28. Be1 f5 29. Be2 Nd6 30.
Bd3 Ne4 31. a6 bxa6 32. Bxa6 Kf7 33. Rb8 Ndc3 34. f3 Ne2+ 35. Bxe2 1-0

[Event "*** Titled Tuesday Blitz"]
[Site "Chess.com"]
[Date "2021.03.09"]
[Round "3"]
[White "szachuspl"]
[Black "IECS12"]
[Result "1-0"]
[WhiteElo "2502"]
[BlackElo "2236"]
[TimeControl "180+1"]
[EndTime "10:28:15 PST"]
[Termination "szachuspl won on time"]

1. d4 Nf6 2. c4 e6 3. Nf3 b6 4.
g3 Bb7 5. Bg2 Bb4+ 6. Bd2 Bxd2+ 7.
Qxd2 O-O 8. O-O d5 9. cxd5 exd5 10. Rc1 Nbd7 11. Qf4 Rc8 12. Nc3 a6 13. b4 Ne4 14.
Nxe4 dxe4 15. Nd2 Nf6 16. Nxe4 Bxe4 17. Bxe4 Re8 18. Bf3 Qe7 19. a3 h6 20. h4 c5 21.
bxc5 bxc5 22. d5 Red8 23. e4 Nd7 24. Rc3 Ne5 25. Rac1 c4 26. Be2 Ng6 27. Qe3 Ne5 28. f4 Ng6 29. h5 Nf8 30. Bxc4 Nd7 31. Bf1 Rxc3 32. Rxc3 Qf6 33. Bg2 Qe7 34. e5 Nb8 35. d6 Qd7 36. Qb6 Qg4 37. Qxd8+ Kh7 38. Be4+ g6 39.
hxg6+ Kg7 40. Qf6+ 1-0

[Event "*** Titled Tuesday Blitz"]
[Site "Chess.com"]
[Date "2021.03.09"]
[Round "3"]
[White "BeanScreen"]
[Black "howitzer14"]
[Result "0-1"]
[WhiteElo "2676"]
[BlackElo "3030"]
[TimeControl "180+1"]
[EndTime "10:28:16 PST"]
[Termination "howitzer14 won by resignation"]

1. e4 c5 2. Nf3 Nc6 3. Nc3 e5 4. Bc4 Be7 5. d3 d6 6. Nd2 Nf6 7. Nf1 O-O 8. Ne3 Be6 9. a4 a6 10.
Ned5 Nb4 11. Nxe7+ Qxe7 12. Bg5 h6 13. Bh4 Bxc4 14.
dxc4 Qe6 15. O-O g5 16. Bg3 Rad8 17. b3 Kg7 18. h4 Kg6 19. Qd2 Nh5 20. Nd5 Nxd5 21.
cxd5 Qg4 22. Rae1 gxh4 23. Bh2 h3 24. f3 Qxg2+ 25. Qxg2+ hxg2 26. Kxg2 f5 27. Kf2 fxe4 28. Rxe4 Nf6 29. Rg1+ Kh7 30. Rh4 Nxd5 31. c4 Ne7 32. Rh1 Rf6 33. Ke2 Rdf8 34. Rh3 Nf5 35. Bg1 Rg8 36.
Be3 Ng3+ 37. Rxg3 Rxg3 0-1

[Event "*** Titled Tuesday Blitz"]
[Site "Chess.com"]
[Date "2021.03.09"]
[Round "3"]
[White "Kaslask"]
[Black "OriTaichman"]
[Result "0-1"]
[WhiteElo "2329"]
[BlackElo "2532"]
[TimeControl "180+1"]
[EndTime "10:28:16 PST"]
[Termination "OriTaichman won on time"]

1. d4 Nf6 2. c4 g6 3. Nc3 Bg7 4. e4 O-O 5. Be2 d6 6. Nf3 e5 7. O-O Nc6 8. d5 Ne7 9. b4 Ne8 10. c5 f5 11. Ng5 Nf6 12. Bf3 h6 13. Ne6 Bxe6 14. dxe6 fxe4 15. cxd6 cxd6 16. Nxe4 Nxe4 17. Bxe4 d5 18. Bc2 Qd6 19. Ba3 b5 20. Bb3 Qxe6 21. Bb2 Rad8 22. Rc1 Qb6 23. Qe2 e4 24. Qxe4 Bxb2 25.
Qxe7 Bxc1 26. Qe5 Bg5 27. Bxd5+ Kh7 28. h4 Qf6 29. Qc7+ Qe7 30. Qc6 Bxh4 31. Be4 Rd6 32. Qc2 Rdf6 33. g3 Bxg3 34. Bxg6+ Rxg6 0-1

[Event "*** Titled Tuesday Blitz"]
[Site "Chess.com"]
[Date "2021.03.09"]
[Round "3"]
[White "HrvojeZagreb"]
[Black "Chigorinetz"]
[Result "0-1"]
[WhiteElo "2265"]
[BlackElo "2510"]
[TimeControl "180+1"]
[EndTime "10:28:16 PST"]
[Termination "Chigorinetz won by resignation"]

1. d4 d5 2. Bf4 Bg4 3. f3 Bh5 4. g4 Bg6 5. h4 h5 6. g5 c5 7. c3 Nc6 8. e3 e6 9. Qb3 Qd7 10. Nd2 Nge7 11. dxc5 Nf5 12. e4 Nfe7 13. O-O-O O-O-O 14. Bb5 f6 15. Qa4 a6 16. Nc4 dxc4 17. Rxd7 Rxd7 18. Bd6 Be8 19. Ne2 Ng6 20. Bxc6 Bxd6 21.
cxd6 bxc6 22. Qxc6+ Kb8 23. Nd4 Rb7 24. Qxa6 Ne5 25.
f4 Nd3+ 26. Kd1 Nf2+ 27. Ke2 Nxh1 28. Nxe6 Bb5 29. Qa5 Re8 30. Nc7 Kc8 31. Qa8+ Rb8 32. Qd5 Rxe4+ 33. Kf3 Kd7 34. Qxe4 Bc6 35. Qxc6+ Kxc6 36. Nd5 0-1

[Event "*** Titled Tuesday Blitz"]
[Site "Chess.com"]
[Date "2021.03.09"]
[Round "3"]
[White "Harry_Rakkel"]
[Black "GigaQuparadze"]
[Result "0-1"]
[WhiteElo "2638"]
[BlackElo "2955"]
[TimeControl "180+1"]
[EndTime "10:28:17 PST"]
[Termination "GigaQuparadze won by resignation"]

1. e4 c5 2. Nf3 e6 3. d4 cxd4 4. Nxd4 a6 5. Nc3 b5 6. Bd3 Qb6 7. Nb3 Qc7 8. O-O Bb7 9. Qe2 d6 10. f4 Nd7 11. Kh1 Ngf6 12. Bd2 Nc5 13. a3 Be7 14.
Rf3 g6 15. Raf1 Bc6 16. Rh3 Qb7 17. e5 Nxb3 18. cxb3 Nd7 19. exd6 Bxd6 20. Ne4 Be7 21. Bc3 f6 22. Nd2 O-O-O 23. Rg3 Nc5 24. Bc2 Bd5 25. Rc1 Kb8 26. b4 Nd7 27. Ne4 Rc8 28. Re1 Rhd8 29. Bb1 Ka8 30. Re3 h6 31. Qf2 g5 32.
R3e2 f5 33. Nc5 Nxc5 34. bxc5 Bxc5 35. Qg3 Rg8 36. fxg5 Rxg5 37. Qh3 Rcg8 0-1

[Event "*** Titled Tuesday Blitz"]
[Site "Chess.com"]
[Date "2021.03.09"]
[Round "3"]
[White "LenkaPtacnikova"]
[Black "DamianoLew95"]
[Result "0-1"]
[WhiteElo "2118"]
[BlackElo "2489"]
[TimeControl "180+1"]
[EndTime "10:28:17 PST"]
[Termination "DamianoLew95 won on time"]

1. c4 e5 2. g3 g6 3. Bg2 Bg7 4. Nc3 c6 5. e4 Nf6 6. Nge2 O-O 7. O-O d6 8. d3 Nbd7 9. h3 Nc5 10. Be3 Be6 11.
Qd2 Qd7 12. Kh2 a5 13. f4 Rfe8 14. g4 exf4 15. Nxf4 a4 16. g5 Nh5 17. Nxe6 Qxe6 18.
Bf3 Be5+ 19. Kg2 Ng3 20. d4 Nxf1 21. Rxf1 Qxc4 22. dxe5 dxe5 23. Bxc5 Qxc5 24. Rd1 Rad8 25. Qxd8 Rxd8 26. Rxd8+ Kg7 27. Rd7 a3 28. Nd1 axb2 29.
Nxb2 Qc2+ 30. Kg3 Qxb2 31. Rc7 Qxa2 32. Rxb7 c5 33. Rc7 c4 34. h4 Qb3 35. h5 gxh5 36. Kf2 Qc2+ 0-1

[Event "*** Titled Tuesday Blitz"]
[Site "Chess.com"]
[Date "2021.03.09"]
[Round "3"]
[White "gisela_roque"]
[Black "Kaiyrbekov"]
[Result "0-1"]
[WhiteElo "1754"]
[BlackElo "2091"]
[TimeControl "180+1"]
[EndTime "10:28:18 PST"]
[Termination "Kaiyrbekov won by resignation"]

1. c4 Nf6 2. Nf3 g6 3. g3 Bg7 4. Bg2 c5 5. O-O O-O 6. Nc3 Nc6 7. a3 b6 8. Rb1 d5 9. cxd5 Nxd5 10. Nxd5 Qxd5 11.
b4 Qa2 12. Qb3 Be6 13. Qxa2 Bxa2 14. Bb2 Bxb1 15. Bxg7 Kxg7 16. Rxb1 Rad8 17. d3 cxb4 18.
axb4 Nd4 19. Nxd4 Rxd4 20. b5 Ra4 21. Rc1 Ra5 22. Bc6 Rc8 23. Rc4 Ra1+ 24. Kg2 a5 25.
bxa6 Rxa6 26. Bb7 Rxc4 27. Bxa6 Rb4 28. Kf3 Rb2 29. Ke3 Kf6 30. d4 e5 31. dxe5+ Kxe5 32. Kd3 f6 33. Kc3 Ra2 34. Kb3 Rxa6 0-1

[Event "*** Titled Tuesday Blitz"]
[Site "Chess.com"]
[Date "2021.03.09"]
[Round "3"]
[White "rquery98"]
[Black "Chopper1905"]
[Result "0-1"]
[WhiteElo "2634"]
[BlackElo "2928"]
[TimeControl "180+1"]
[EndTime "10:28:19 PST"]
[Termination "Chopper1905 won by resignation"]

1. Nf3 c5 2. c4 Nc6 3. Nc3 Nf6 4. g3 d5 5. cxd5 Nxd5 6. Bg2 Nc7 7. O-O e5 8. a3 a5 9. d3 Be7 10. Nd2 O-O 11. Nc4 f6 12. f4 exf4 13. Bxf4 Ne6 14. Be3 Ned4 15. h3 Be6 16. Kh2 Rc8 17.
Bf2 b5 18. Ne3 a4 19. Ned5 Bd6 20. e3 Nb3 21. Rb1 Qa5 22. Nf4 Bf7 23. Ne4 Be5 24. h4 Rcd8 25. Qe2 Rfe8 26. Nxf6+ Bxf6 27. Bxc6 Re7 28. Rbd1 Nd4 29. exd4 Rxe2 30. Nxe2 Bb3 31. Rc1 Qd2 32. Nf4 Bxd4 33. Kg1 Bxf2+ 34. Rxf2 Qxc1+ 0-1

[Event "*** Titled Tuesday Blitz"]
[Site "Chess.com"]
[Date "2021.03.09"]
[Round "3"]
[White "Vesper2018"]
[Black "MaxLeto"]
[Result "1-0"]
[WhiteElo "2597"]
[BlackElo "2401"]
[TimeControl "180+1"]
[EndTime "10:28:20 PST"]
[Termination "Vesper2018 won by resignation"]

1. e4 c5 2. Nc3 d6 3. Nge2 Nf6 4. d4 cxd4 5. Nxd4 a6 6. h3 e6 7. g4 Nfd7 8. Bg2 Qc7 9. g5 Be7 10. h4 b5 11. h5 Ne5 12. f4 Nec6 13. Be3 Bd7 14. g6 hxg6 15. hxg6 Rxh1+ 16. Bxh1 Nxd4 17. Bxd4 Bh4+ 18. Kf1 Qc4+ 19. Kg1 Nc6 20. Be3 Be7 21. gxf7+ Kxf7 22. Qh5+ Kg8 23. Bf3 Nd4 24. Bxd4 Qxd4+ 25. Kg2 b4 26. Ne2 Qxb2 27. Rh1 Bf6 28. Qh8+ Kf7 29. Qxa8 Qxc2 30. Rh8 Kg6 1-0

[Event "*** Titled Tuesday Blitz"]
[Site "Chess.com"]
[Date "2021.03.09"]
[Round "3"]
[White "FGHSMN"]
[Black "SHIVACalypso"]
[Result "0-1"]
[WhiteElo "2686"]
[BlackElo "2362"]
[TimeControl "180+1"]
[EndTime "10:28:22 PST"]
[Termination "SHIVACalypso won by checkmate"]

1. e4 e6 2. d4 d5 3. Nc3 Nf6 4. Bg5 dxe4 5. Nxe4 Be7 6. Bxf6 gxf6 7. Nf3 f5 8. Nc3 a6 9. Qd2 b5 10. O-O-O Qd6 11.
Bd3 Nd7 12. Rhe1 Nb6 13. Qh6 Bb7 14. Ne5 Nd5 15. Nxd5 Bxd5 16. Qh5 Rf8 17. Kb1 c5 18. dxc5 Qxc5 19. g4 fxg4 20. Bxh7 Bf6 21. Ka1 O-O-O 22. Nxf7 Qa3 23. Nd6+ Rxd6 24. Re5 Qxa2# 0-1

[Event "*** Titled Tuesday Blitz"]
[Site "Chess.com"]
[Date "2021.03.09"]
[Round "3"]
[White "Airquake"]
[Black "dretch"]
[Result "0-1"]
[WhiteElo "2600"]
[BlackElo "2846"]
[TimeControl "180+1"]
[EndTime "10:28:25 PST"]
[Termination "dretch won by resignation"]

1. e4 e6 2. d4 d5 3. Nd2 c5 4.
exd5 Qxd5 5. Ngf3 cxd4 6. Bc4 Qd7 7. O-O Nf6 8. Nb3 Nc6 9. Nbxd4 Nxd4 10. Nxd4 a6 11.
Bf4 Be7 12. c3 b5 13. Bb3 O-O 14. a4 Bb7 15. axb5 axb5 16. Qe2 b4 17. Be5 Nd5 18. Rad1 bxc3 19. Qg4 Nf6 20. Bxf6 Bxf6 21. Nxe6 Qc8 22. bxc3 Kh8 23. Rfe1 fxe6 24. Bxe6 Qxc3 25. Bf5 Rae8 26. Qh5 Qxe1+ 0-1

[Event "*** Titled Tuesday Blitz"]
[Site "Chess.com"]
[Date "2021.03.09"]
[Round "3"]
[White "losersgame"]
[Black "lindsay790"]
[Result "1-0"]
[WhiteElo "2364"]
[BlackElo "2190"]
[TimeControl "180+1"]
[EndTime "10:28:26 PST"]
[Termination "losersgame won by checkmate"]

1. d4 g6 2. e4 Bg7 3. Nc3 d6 4.
h3 Nc6 5. Nf3 Nf6 6. Be2 O-O 7.
O-O e5 8. dxe5 dxe5 9. Bg5 Qe8 10. Bb5 Bd7 11. Re1 h6 12. Bh4 g5 13. Bg3 Rd8 14. Nd5 Nxd5 15. exd5 Ne7 16. Bxd7 Rxd7 17. Nxe5 Rxd5 18.
Qf3 Rb5 19. Rad1 f5 20. Qd3 f4 21. Ng6 fxg3 22. Rxe7 gxf2+ 23. Kf1 Qc6 24. Nxf8 Rxb2 25. Qh7+ Kxf8 26. Qxg7# 1-0

[Event "*** Titled Tuesday Blitz"]
[Site "Chess.com"]
[Date "2021.03.09"]
[Round "3"]
[White "SameerMujumdar"]
[Black "AlexSuv"]
[Result "1-0"]
[WhiteElo "2354"]
[BlackElo "2521"]
[TimeControl "180+1"]
[EndTime "10:28:27 PST"]
[Termination "SameerMujumdar won on time"]

1. e4 c5 2. Nf3 e6 3. d4 cxd4 4. Nxd4 Nc6 5. Nc3 Qc7 6. Be3 a6 7. Qf3 Nf6 8. Qg3 Qxg3 9. hxg3 Bb4 10. Bd3 d5 11. Nxc6 bxc6 12. exd5 cxd5 13. Bd2 Bb7 14. O-O O-O 15. a3 Bd6 16. b4 e5 17. Bg5 e4 18.
Be2 Be5 19. Na4 Nd7 20. Rab1 Bc6 21. Nc5 Nxc5 22. bxc5 Ba4 23. Rb6 Bxc2 24. Rxa6 Rac8 25. Rc1 Bb3 26. Bb5 f6 27. Bd2 d4 28. a4 Rc7 29.
Ba5 Re7 30. c6 Bc7 31. Bb4 Rfe8 32. Bxe7 Rxe7 33. Bc4+ Bxc4 34. Rxc4 e3 35. Kf1 e2+ 36. Ke1 d3 37. Rd4 Re5 38. Rxd3 h5 39. Re3 1-0

[Event "*** Titled Tuesday Blitz"]
[Site "Chess.com"]
[Date "2021.03.09"]
[Round "3"]
[White "anon102030"]
[Black "Leo_C"]
[Result "1-0"]
[WhiteElo "2695"]
[BlackElo "2440"]
[TimeControl "180+1"]
[EndTime "10:28:29 PST"]
[Termination "anon102030 won by resignation"]

1. e4 c6 2. d3 d5 3. Nd2 e5 4. g3 Nf6 5. Bg2 Bd6 6. Ngf3 O-O 7. O-O a5 8. a4 Na6 9. b3 Nc5 10. Re1 Re8 11. Bb2 d4 12. h3 b5 13. Nh4 g6 14. Ba3 Qe7 15. Kh2 b4 16. Bc1 Ba6 17.
Nhf3 Nh5 18. Ng1 Ng7 19. Ne2 Nge6 20. Rf1 Qc7 21. Kh1 Rf8 22. Nf3 f5 23. exf5 gxf5 24. Nh4 Rf7 25. f4 e4 26. dxe4 fxe4 27. Nxd4 Nxd4 28.
Qxd4 Bxf1 29. Bxf1 Rd8 30. Bb2 Kf8 31. Bc4 Bxf4 32.
Qxc5+ Bd6 33. Qh5 Bxg3 34. Nf5 Be5 35. Bxe5 1-0

[Event "*** Titled Tuesday Blitz"]
[Site "Chess.com"]
[Date "2021.03.09"]
[Round "3"]
[White "SlavenPastar"]
[Black "lamomiablanca"]
[Result "0-1"]
[WhiteElo "2551"]
[BlackElo "2393"]
[TimeControl "180+1"]
[EndTime "10:28:29 PST"]
[Termination "lamomiablanca won by resignation"]

1. Nf3 Nf6 2. c4 c5 3. b3 g6 4. Bb2 Bg7 5. d4 O-O 6. e3 d5 7. cxd5 Nxd5 8. Bc4 Nc6 9. O-O Nb6 10. Bb5 Bg4 11.
Bxc6 bxc6 12. Na3 cxd4 13. exd4 Bxf3 14. Qxf3 c5 15. Rfe1 cxd4 16. Rad1 e5 17. Qe4 Rc8 18. f4 f5 19. Qe2 e4 20. Qd2 d3 21. Bxg7 Kxg7 22.
Nb5 a6 23. Na3 Qd4+ 24. Kh1 Rfd8 25. h3 Re8 26. Qa5 Qc5 27. Qxa6 Ra8 28. Qb5 Qxb5 29. Nxb5 Rxa2 30. Kh2 Nd5 31. Rxd3 Rxg2+ 32. Kxg2 Nxf4+ 33.
Kg3 Nxd3 34. Rd1 f4+ 35. Kg4 Nf2+ 0-1

[Event "*** Titled Tuesday Blitz"]
[Site "Chess.com"]
[Date "2021.03.09"]
[Round "3"]
[White "Matols"]
[Black "Beca95"]
[Result "0-1"]
[WhiteElo "2278"]
[BlackElo "2875"]
[TimeControl "180+1"]
[EndTime "10:28:29 PST"]
[Termination "Beca95 won on time"]

1. d4 g6 2. c4 Bg7 3. g3 d6 4.
Bg2 Nd7 5. Nf3 e5 6. O-O Nh6 7. Nc3 O-O 8. e4 f6 9. h3 Nf7 10. d5 f5 11. Ne1 f4 12. gxf4 exf4 13. Bxf4 g5 14. Be3 Nfe5 15. Qe2 Rf4 16. Bxf4 gxf4 17. Qh5 Nxc4 18. Nd3 Nxb2 19. Nxb2 Bxc3 20. Rab1 Ne5 21. Rfc1 Bd4 22. Nc4 b6 23. Nxe5 Bxe5 24. Kh1 Bd7 25. Bf3 Kh8 26. Rg1 Qe7 27. Rg5 Be8 28.
Qh6 Bg7 29. Rxg7 Qxg7 30. Qh4 Bg6 31. Rg1 Rf8 32. Qg5 Qf6 33. Qg4 Qe7 34. h4 Bxe4 35.
Kh2 Bxf3 36. Qxf3 Qxh4+ 37. Qh3 Qxh3+ 38. Kxh3 Rf7 39. Re1 Kg7 40. Re8 Kf6 41. Kg4 Re7 42.
Rf8+ Ke5 43. Rf5+ Kd4 44. Kxf4 b5 0-1

[Event "*** Titled Tuesday Blitz"]
[Site "Chess.com"]
[Date "2021.03.09"]
[Round "3"]
[White "Cherone"]
[Black "PetrolulSah"]
[Result "0-1"]
[WhiteElo "2476"]
[BlackElo "2201"]
[TimeControl "180+1"]
[EndTime "10:28:30 PST"]
[Termination "PetrolulSah won on time"]

1. d4 Nf6 2. Nf3 d5 3. Bf4 g6 4.
e3 Bg7 5. c4 O-O 6. Nc3 c5 7.
dxc5 Qa5 8. Qa4 Qxa4 9. Nxa4 Ne4 10. cxd5 Bd7 11. c6 bxc6 12. Be5 cxd5 13. Bxg7 Kxg7 14. Nc3 Nxc3 15. bxc3 Nc6 16. c4 Nb4 17. Rb1 Rab8 18. Kd2 Nxa2 19. Be2 dxc4 20. Bxc4 Rfd8 21. Rxb8 Rxb8 22.
Ra1 Rb2+ 23. Ke1 Be6 24. Bxe6 fxe6 25. Ne5 a5 26. Nc4 Rc2 27. Nxa5 Nc3 28. Nb3 Ne4 0-1

[Event "*** Titled Tuesday Blitz"]
[Site "Chess.com"]
[Date "2021.03.09"]
[Round "3"]
[White "SnekkerAndersen"]
[Black "GoltsevDmitry2000"]
[Result "0-1"]
[WhiteElo "2405"]
[BlackElo "2721"]
[TimeControl "180+1"]
[EndTime "10:28:31 PST"]
[Termination "GoltsevDmitry2000 won on time"]

1. d4 Nf6 2. Bf4 e6 3. e3 Nc6 4. Nf3 Be7 5. Bd3 Nh5 6. Bg3 Nxg3 7. hxg3 h6 8. c3 b6 9. Qe2 Bb7 10. Nbd2 a5 11. e4 d6 12. O-O O-O 13. e5 dxe5 14. Nxe5 Nxe5 15. Qxe5 Bf6 16. Qe2 c5 17. dxc5 bxc5 18.
Be4 Qb6 19. Nc4 Qa6 20. Bxb7 Qxb7 21. Rad1 Rfd8 22. Nd6 Qc6 23. Ne4 Be7 24. f3 Qa4 25. b3 Qc6 26. Rxd8+ Rxd8 27. Rd1 Rd5 28. Rxd5 exd5 29.
Nf2 Bf6 30. c4 Bd4 31. cxd5 Qxd5 32. Kh2 Qh5+ 33. Nh3 Qg6 34. Nf4 Qb1 35. g4 g6 36.
Nh3 Bb2 37. f4 Qxa2 38. Qc2 Qa3 39. f5 g5 40. Nf2 Be5+ 41. g3 a4 42. Nd3 Qxb3 43.
Qe2 Bd6 44. Qe8+ Kg7 45. Nxc5 Qc2+ 46. Kh3 Qxc5 47. f6+ Kxf6 48. Qh8+ Ke7 0-1

[Event "*** Titled Tuesday Blitz"]
[Site "Chess.com"]
[Date "2021.03.09"]
[Round "3"]
[White "S-Fazulyanov"]
[Black "FMalexhdez"]
[Result "1-0"]
[WhiteElo "2498"]
[BlackElo "2180"]
[TimeControl "180+1"]
[EndTime "10:28:31 PST"]
[Termination "S-Fazulyanov won by resignation"]

1. d4 Nf6 2. Nf3 e6 3. e3 b6 4. b3 Bb7 5. Bb2 c5 6. Bd3 d6 7. O-O Nbd7 8. c4 Be7 9. Nbd2 O-O 10. e4 cxd4 11. Nxd4 Ne5 12. Bc2 Ng6 13. Qe2 d5 14.
cxd5 exd5 15. e5 Nd7 16. Bxg6 hxg6 17. f4 Nc5 18. Rad1 Ne6 19. Nxe6 fxe6 20. Qe3 Rc8 21.
Nf3 Rc2 22. Rd2 Rxd2 23. Qxd2 d4 24. Bxd4 Qd5 25. Rd1 Bc5 26. Bxc5 Qxc5+ 27. Qd4 Bxf3 28. Qxc5 bxc5 29. gxf3 Rxf4 30. Kf2 Rf5 31. Rd7 Rxe5 32.
Rxa7 Rd5 33. Ke3 Kh7 34. a4 Kh6 35. a5 Rd1 36. Rc7 Rc1 37. Kd2 Rh1 38. Rxc5 Rxh2+ 39. Ke3 Ra2 40. b4 g5 41. Rc6 Kg6 42. Rxe6+ Kf5 43.
Rb6 g4 44. fxg4+ Kxg4 45. Rg6+ Kf5 46. Rxg7 1-0

[Event "*** Titled Tuesday Blitz"]
[Site "Chess.com"]
[Date "2021.03.09"]
[Round "3"]
[White "Kostukov_Alex"]
[Black "cukin84"]
[Result "1-0"]
[WhiteElo "2323"]
[BlackElo "2106"]
[TimeControl "180+1"]
[EndTime "10:28:31 PST"]
[Termination "Kostukov_Alex won by checkmate"]

1. e4 c6 2. g3 d5 3. d3 dxe4 4. dxe4 Qxd1+ 5. Kxd1 e5 6. f3 Bc5 7. Nd2 Be6 8. Bh3 Ke7 9. Bxe6 Kxe6 10. Nb3 Bb6 11.
Ke2 Na6 12. c3 Ne7 13. Nh3 f6 14. a4 Nc5 15. Nxc5+ Bxc5 16. b4 Bd6 17. Be3 a5 18. bxa5 Rxa5 19. Rhb1 Rb8 20. Bb6 Ra6 21. c4 Nc8 22.
Be3 Ra5 23. Nf2 Bc5 24. Bd2 Ra6 25. Nd3 Bd4 26. Bc3 Bxc3 27. Nc5+ Kf7 28. Nxa6 Ra8 29. Rxb7+ Kg6 30. Rc1 Bd4 31. Nc7 Rxa4 32. Ne6 Ra2+ 33. Kf1 Be3 34. Rxg7+ Kh6 35. Rd1 Nb6 36. g4 Rf2+ 37.
Ke1 Rxh2 38. Rf7 Rh1+ 39. Ke2 Rxd1 40. Rxf6# 1-0

[Event "*** Titled Tuesday Blitz"]
[Site "Chess.com"]
[Date "2021.03.09"]
[Round "3"]
[White "Eliwood44"]
[Black "horripile"]
[Result "1-0"]
[WhiteElo "2464"]
[BlackElo "2695"]
[TimeControl "180+1"]
[EndTime "10:28:32 PST"]
[Termination "Eliwood44 won by resignation"]

1. d4 Nf6 2. Nf3 e6 3. e3 b6 4. Bd3 Bb7 5. O-O c5 6. c4 Be7 7. Nc3 cxd4 8. exd4 d6 9. d5 e5 10. Nh4 g6 11. f4 exf4 12. Bxf4 O-O 13. Bh6 Re8 14.
Qf3 Nbd7 15. Ne4 Kh8 16. Qh3 Rg8 17. Ng5 Ne5 18. Rae1 Qe8 19. Rxe5 dxe5 20. Nhf3 Bc5+ 21. Kh1 Bc8 22. Qh4 Nh5 23. Nxe5 Rg7 24. Ngxf7+ Kg8 25.
Bxg7 Kxg7 26. Qg5 Be7 27. Qh6+ Kg8 28. Nxg6 Bf6 29. Ne7+ Kxf7 30. Qxh5+ Kxe7 31. Re1+ Kd6 32. Qxe8 1-0

[Event "*** Titled Tuesday Blitz"]
[Site "Chess.com"]
[Date "2021.03.09"]
[Round "3"]
[White "c_r_e_e_p_e_r"]
[Black "LionChessClub"]
[Result "0-1"]
[WhiteElo "2410"]
[BlackElo "2608"]
[TimeControl "180+1"]
[EndTime "10:28:32 PST"]
[Termination "LionChessClub won by checkmate"]

1. e4 c5 2. Nf3 g6 3. c3 d5 4.
exd5 Qxd5 5. d4 Bg7 6. Be3 cxd4 7. cxd4 Nf6 8. Nc3 Qd8 9. Bc4 O-O 10. O-O Nbd7 11.
Ne5 Nb6 12. Bb3 Nbd5 13. Qf3 e6 14. Bg5 h6 15. Bh4 g5 16. Bg3 b6 17. Nc6 Qd7 18.
Nxd5 Nxd5 19. Bxd5 exd5 20. Ne5 Qf5 21. Qxd5 Ba6 22.
Rfd1 Rfd8 23. Qb3 Bb7 24. f3 Bd5 25. Qe3 Rac8 26. Rac1 Rc2 27. Rxc2 Qxc2 28. Qc1 Rc8 29. Qxc2 Rxc2 30. Rb1 Bxa2 31. Ra1 Rxb2 32. Nc6 a5 33.
Bc7 Rc2 34. Ne7+ Kf8 35. Bxb6 Kxe7 36. Rxa2 Rxa2 37. Bc5+ Ke6 38. h3 Kd5 39. Kh2 Bxd4 40. Bf8 Be5+ 41. Kg1 Bg3 42. Kf1 a4 43. Bxh6 a3 44. Bxg5 Ra1+ 45. Ke2 Re1+ 46. Kd3 a2 47. Bf6 Be5 48. Bd8 a1=Q 49. Bc7 Qd1# 0-1

[Event "*** Titled Tuesday Blitz"]
[Site "Chess.com"]
[Date "2021.03.09"]
[Round "3"]
[White "Evachess2006"]
[Black "DrCeltic"]
[Result "0-1"]
[WhiteElo "1589"]
[BlackElo "2484"]
[TimeControl "180+1"]
[EndTime "10:28:32 PST"]
[Termination "DrCeltic won on time"]

1. e4 c5 2. c3 Nf6 3. e5 Nd5 4. d4 cxd4 5. Nf3 e6 6. cxd4 d6 7. Bc4 Be7 8. Bd2 O-O 9. O-O b6 10. Nc3 Nxc3 11. Bxc3 dxe5 12. Nxe5 Bb7 13. Qg4 Nd7 14.
Nxf7 Rxf7 15. Qxe6 Qe8 16. Rae1 Rc8 17. Bb3 Kf8 18. Qxf7+ Qxf7 19. Bxf7 Kxf7 20. Re3 Nf6 21. Rfe1 Bd6 22. Re6 Re8 23. Rxe8 Nxe8 24. f3 Bd5 25. g3 Nc7 26. Kf2 Ne6 27. a3 Ng5 28. Rc1 Nxf3 29. Be1 Ng5 30. Bd2 Ne4+ 31. Ke3 Nf6 32.
Rf1 Kg6 0-1